 Dungeon Crawl Stone Soup version 0.30-a0-322-g102857c98e (webtiles) character file.

Game seed: 1254017048146982402

211 ryw the Trooper (level 5, -3/42 HPs)
             Began as a Demonspawn Monk on Oct 27, 2022.
             Slain by an ogre
             ... wielding a +0 giant club
              (20 damage)
             ... on level 3 of the Dungeon.
             The game lasted 00:04:31 (2765 turns).

ryw the Trooper (Demonspawn Monk)                   Turns: 2765, Time: 00:04:32

Health: -3/42      AC:  9    Str: 12    XL:     5   Next: 57%
Magic:  5/5        EV:  4    Int: 11    God:
Gold:   30         SH: 13    Dex: 17    Spells: 4/4 levels left

rFire   . . .      SeeInvis .    g - +0 falchion
rCold   . . .      Faith    .    p - +0 kite shield {reflect}
rNeg    . . .      Spirit   .    o - +0 chain mail
rPois   .          Reflect  +    b - +1 hat
rElec   .          Harm     .    (no cloak)
rCorr   +          Rampage  .    (no gloves)
Will    .....                    (no boots)
Stlth   ..........               (no amulet)
HPRegen 0.27/turn                r - ring of resist corrosion
MPRegen 0.09/turn                (no ring)

@: no status effects
A: condensation shield
a: no special abilities


You were on level 3 of the Dungeon.
You visited 1 branch of the dungeon, and saw 3 of its levels.

You collected 108 gold pieces.
You spent 78 gold pieces at shops.

Inventory:

Hand Weapons
 g - a +0 falchion (weapon)
Missiles
 t - 4 stones (quivered)
Armour
 a - a +0 robe
 b - a +1 hat (worn)
 m - a +0 leather armour
 o - a +0 chain mail (worn)
 p - a +0 kite shield of reflection (worn)
Jewellery
 r - a ring of resist corrosion (left hand)
 u - a +4 ring of evasion
Scrolls
 c - a scroll of identify {unknown}
 e - a scroll of silence {unknown}
 f - 3 scrolls of magic mapping {unknown}
 h - a scroll of butterflies {unknown}
 i - 5 scrolls of teleportation {unknown}
 j - a scroll of noise {unknown}
 k - 3 scrolls of poison {unknown}
 l - 2 scrolls of enchant weapon {unknown}
 s - a scroll of torment {unknown}
Potions
 d - 2 potions of brilliance
 n - 2 potions of heal wounds
 q - 3 potions of curing


   Skills:
 - Level 4.3 Fighting
 - Level 1.3 Long Blades
 - Level 2.6 Dodging
 - Level 1.7 Stealth
 * Level 3.6 Shields
 - Level 2.6 Unarmed Combat


You had 4 spell levels left.
You didn't know any spells.
Your spell library contained the following spells:

 Spells                   Type           Power      Damage    Failure   Level
 Ozocubu's Armour         Ice            0%         N/A       100%        3
 Anguish                  Hex/Necr       0%         N/A       100%        4
 Lee's Rapid Deconstruct  Erth           0%         3d4*      100%        5
 Ozocubu's Refrigeration  Ice            0%         4d7       100%        7
 Death's Door             Necr           0%         N/A       100%        9


Dungeon Overview and Level Annotations

Branches:
Dungeon (3/15)

Altars:

Shops:
D:2 !   D:3 ?


Innate Abilities, Weirdness & Mutations

A meltable shield of frost defends you. (SH +4)


Message History

Press: ? - help, Q - select action Shift-Dir - straight line, f - ogre
Aim: an ogre, wielding a +0 giant club (wandering, hasn't noticed you, 76% to hit)
You throw a stone. The stone barely misses the ogre.
The ogre shouts!
Throw: 9 stones
Press: ? - help, Q - select action Shift-Dir - straight line, f/p - ogre
Aim: an ogre, wielding a +0 giant club (76% to hit)
You throw a stone. The stone hits the ogre.
The ogre is lightly wounded.
Throw: 8 stones
Press: ? - help, Q - select action Shift-Dir - straight line, f/p - ogre
Aim: an ogre, wielding a +0 giant club (lightly wounded, 76% to hit)
You throw a stone. The stone hits the ogre.
The ogre is lightly wounded.
Throw: 7 stones
Press: ? - help, Q - select action Shift-Dir - straight line, f/p - ogre
Aim: an ogre, wielding a +0 giant club (lightly wounded, 76% to hit)
You throw a stone.
The stone hits the ogre but does no damage.
The ogre is lightly wounded.
Throw: 6 stones
Press: ? - help, Q - select action Shift-Dir - straight line, f/p - ogre
Aim: an ogre, wielding a +0 giant club (lightly wounded, 76% to hit)
You throw a stone. The stone barely misses the ogre.
Throw: 5 stones
Press: ? - help, Q - select action Shift-Dir - straight line, f/p - ogre
Aim: an ogre, wielding a +0 giant club (lightly wounded, 76% to hit)
You throw a stone. The stone hits the ogre.
The ogre is lightly wounded.
The ogre hits you with a +0 giant club!
You hit the ogre.
The ogre is moderately wounded.
The ogre hits you with a +0 giant club!
You hit the ogre but do no damage.
The ogre is moderately wounded.
The ogre hits you with a +0 giant club!
You hit the ogre.
The ogre is moderately wounded.
The ogre hits you with a +0 giant club!!
You die...

#..........#.............♣..♣...#
#........#...........##...♣.♣....
...................[.............
##......###..........##..........
##..#................#..#......<.
...#..#####............#...#.O...
.###.######...................>..
.†...................##.........#
................@.......[...#...#
...........).....O.......###..#..
.......)................####.##..
.................................
...........#.........#....#.###..
....).......................##)..
..................#.##..........#
....................##....#..##.#
###.............####......##....#


You could see an ogre.

Vanquished Creatures
  A centaur (D:3)
  Terence (D:3)
  5 gnolls
  A dart slug (D:1)
  A bat (D:3)
  6 endoplasms
  A giant cockroach (D:1)
  3 goblins
  6 hobgoblins
  4 jackals
  6 kobolds (D:1)
  4 quokkas
  5 ball pythons
  5 frilled lizards
  3 rats
52 creatures vanquished.

Notes
Turn   | Place    | Note
-------+----------+-------------------------------------------
     0 | D:1      | ryw the Demonspawn Monk began the quest for the Orb.
     0 | D:1      | Reached XP level 1. HP: 18/18 MP: 1/1
   150 | D:1      | Gained mutation: A meltable shield of frost defends you.
                  | (SH +4) [demonic ancestry]
   150 | D:1      | Reached XP level 2. HP: 21/24 MP: 2/2
   713 | D:1      | Reached skill level 4 in Fighting
   713 | D:1      | Reached XP level 3. HP: 10/30 MP: 3/3
  1083 | D:1      | Reached skill level 1 in Long Blades
  1755 | D:2      | Got Jiuneffo's Omnibus of Silt and Blasphemous Rituals
  1879 | D:2      | Found Tofram's Distillery.
  1887 | D:2      | Bought a potion of curing for 39 gold pieces
  1887 | D:2      | Bought a potion of curing for 39 gold pieces
  2210 | D:3      | Noticed Terence
  2266 | D:3      | Killed Terence
  2267 | D:3      | Reached skill level 1 in Shields
  2267 | D:3      | Reached XP level 4. HP: 37/37 MP: 4/4
  2298 | D:3      | Noticed a centaur
  2306 | D:3      | Killed a centaur
  2307 | D:3      | Reached XP level 5. HP: 29/42 MP: 5/5
  2578 | D:3      | Noticed an ogre
  2627 | D:3      | Found Kuru's Magic Scroll Shop.
  2765 | D:3      | Slain by an ogre

Illustrated notes

Levels and vault maps discovered:
D:1:      ebering_trefoil_twist, layout_basic, serial_co_window_serial,
          co_window_corner_a, co_window_paths_a, co_window_paths_a,
          co_window_cross_1, co_window_paths_a, co_window_paths_b,
          co_window_corner_a, co_window_broadway_a, co_window_corner_b,
          co_window_unsneaky_path_e, co_window_2corner,
          co_window_unsneaky_path_d, co_window_paths_e, glass_columns_c,
          glass_columns_b, glass_columns_b, glass_columns_a, glass_columns_a
D:2:      wander_river, layout_basic, serial_shops, nicolae_shop_hallway_stairs
D:3:      layout_rooms, serial_shops, nicolae_square_shop, chequers_garden,
          uniq_terence

Skill      XL: |  1  2  3  4 |
---------------+-------------+-----
Fighting       | 4 |  4.3
Long Blades    | 1 |  1.3
Shields        | 1 3 |  3.6
Dodging        | |  2.6
Stealth        | |  1.7
Unarmed Combat | |  2.6

Action                   |  1- 3 |  4- 6 || total
-------------------------+-------+-------++-------
Melee: Unarmed           |    47 |       ||    47
       Falchion          |    90 |    51 ||   141
       Punch             |     1 |       ||     1
Throw: Stone             |       |     6 ||     6
  Use: Potion            |     5 |       ||     5
 Stab: Sleeping          |     7 |       ||     7
       Distracted        |     1 |       ||     1
Armor: Robe              |    16 |       ||    16
       Chain mail        |    19 |    24 ||    43
Dodge: Dodged            |    54 |    10 ||    64
Block: Other             |    11 |       ||    11
       Kite shield       |    17 |    35 ||    52
       Reflection        |       |     1 ||     1

Table legend: (Time is in decaauts)
 A = Elapsed time spent in this place.
 B = Non-inter-level travel time spent in this place.
 C = Inter-level travel time spent in this place.
 D = Time resting spent in this place.
 E = Time spent auto-exploring this place.
 F = Levels seen in this place.
 G = Mean time per level.
                   A        B        C        D        E       F      G
               +--------+--------+--------+--------+--------+-----+--------+
         Total |   2829 |   2691 |    138 |    189 |   1899 |   3 |  943.0 |
       Dungeon |   2829 |   2691 |    138 |    189 |   1899 |   3 |  943.0 |
               +--------+--------+--------+--------+--------+-----+--------+

Top non-repeatable levels by time:
     D:1: 1559 daAuts
     D:2: 844 daAuts
     D:3: 425 daAuts
